 Dungeon Crawl Stone Soup version 0.25-a0-420-g1cc7eeb0d1 (webtiles) character file.

Game seed: 14659802089907042976, levelgen mode: deterministic

1500 roboconnery the Basher (level 8, -3/68 HPs)
             Began as a Minotaur Gladiator on Jan 20, 2020.
             Slain by an orc warrior
             ... wielding a +0 battleaxe of electrocution
              (18 damage)
             ... on level 6 of the Dungeon.
             The game lasted 00:32:17 (4863 turns).

roboconnery the Basher (Minotaur Gladiator)         Turns: 4863, Time: 00:32:18

Health: -3/68      AC: 11    Str: 20    XL:     8   Next: 52%
Magic:  7/7        EV: 10    Int:  5    God:
Gold:   351        SH:  0    Dex: 13    Spells: 7/7 levels left

rFire    . . .     SeeInvis .   C - +4 rapier (venom)
rCold    . . .     Gourm    .   (no shield)
rNeg     . . .     Faith    .   r - +0 chain mail
rPois    .         Spirit   .   c - +0 hat
rElec    .         Reflect  .   y - +0 cloak
rCorr    .         Harm     .   (no gloves)
MR       .....                  (no boots)
Stlth    ..........             (no amulet)
HPRegen  0.21/turn              (no ring)
MPRegen  0.10/turn              (no ring)

@: lightly drained
A: retaliatory headbutt, horns 2
a: no special abilities


You were on level 6 of the Dungeon.
You were hungry.

You visited 1 branch of the dungeon, and saw 6 of its levels.
You also visited: Sewer.

You collected 389 gold pieces.
You spent 38 gold pieces at shops.

Inventory:

Hand Weapons
 a - a +0 flail
 u - a +1 flail of protection
 C - a +4 rapier of venom (weapon)
Missiles
 d - 3 throwing nets
 p - 26 poisoned darts (quivered)
Armour
 c - a +0 hat (worn)
 g - a +0 scale mail
 r - a +0 chain mail (worn)
 y - a +0 cloak (worn)
Jewellery
 x - a cursed ring of teleportation
Scrolls
 e - 7 scrolls of teleportation
 j - 2 scrolls of magic mapping {unknown}
 l - a scroll of enchant armour {unknown}
 n - 3 scrolls of identify
 s - a scroll of immolation {unknown}
 t - 2 scrolls of fog {unknown}
 v - 4 scrolls of remove curse {unknown}
 z - 2 scrolls of amnesia {unknown}
Potions
 b - 6 potions of curing
 h - a potion of heal wounds {unknown}
 i - a potion of agility {unknown}
 k - a potion of invisibility
 m - 2 potions of berserk rage {unknown}
 o - a potion of brilliance {unknown}
 q - 2 potions of mutation {unknown}
 w - 3 potions of flight {unknown}
 A - a potion of might {unknown}
Comestibles
 f - 12 rations
 B - a chunk of flesh


   Skills:
 + Level 5.2(4.9) Fighting
 + Level 2.6(2.4) Short Blades
 + Level 8.9(8.6) Maces & Flails
 + Level 2.5(2.2) Throwing
 + Level 6.0(5.8) Armour
 + Level 4.7(4.4) Dodging
 + Level 1.8(1.6) Stealth


You had 7 spell levels left.
You didn't know any spells.
Your spell library contained the following spells:

 Spells                   Type           Power        Failure   Level  Hunger
 Beastly Appendage        Tmut           #.....       99%         1    ##.....
 Sticks to Snakes         Tmut           #.......     100%        2    ###....
 Spider Form              Tmut/Pois      #.........   100%        3    ####...
 Ice Form                 Ice/Tmut       #.......     100%        4    #####..
 Blade Hands              Tmut           #.........   100%        5    ######.


Dungeon Overview and Level Annotations

Branches:
Dungeon (6/15)             Temple (0/1) D:4           Sewer (visited)

Altars:
Uskayaw

Shops:
D:4 (}?[*   D:5 (

Annotations:
D:5 2 runed translucent doors, LostGamesStreakFreak's ghost, novice HaHu


Innate Abilities, Weirdness & Mutations

You reflexively headbutt those who attack you in melee.
You have a pair of horns on your head.


Message History

You hit the crimson imp but do no damage.
The crimson imp is poisoned.
Your headbutt misses the crimson imp.
The crimson imp blinks!
The orc warrior hits you with a +0 battleaxe of electrocution!!
* * * LOW HITPOINT WARNING * * *
The worker ant bites you but does no damage.
The crimson imp blinks!
You feel better.
The worker ant bites you but does no damage.
The orc warrior barely misses you.
The crimson imp laughs crazily.
You hit the wight. Your headbutt misses the wight.
The wight is moderately damaged.
The worker ant barely misses you. You furiously retaliate!
You headbutt the worker ant.
The wight hits you with a cursed +0 great sword!
* * * LOW HITPOINT WARNING * * *
The wight completely misses you.
The orc warrior hits you with a +0 battleaxe of electrocution!!
You die...

..+ ..............'.# ###.# #.#
..............#.# #.... #.#####
.#≈≈#....#≈≈#..#.# #.#.. #.##..#
.≈≈≈≈....≈≈≈≈..#.# #.### #.##..#
.≈≈≈≈....≈≈≈≈..#.# #....
.#.#.#.# .#≈≈#...)#)≈#..#.#
##### .......#
........z......#.#######
#+##.###
......azo.(....#.......#
#...########z@#########÷..##.#
+.#.....###.5..<.#..#.#...##.#
#...#..........#......#...##.#
+##.#...................'...'...
......###...§..#.#.#...##)..##'#
#.#.#............#.#...##...#...
########.......#.#.#....#...#...
#.####....#......#...#... #.#
#..###.#.#..#.).##'#


You could see an orc warrior, a worker ant, 3 wights and a crimson imp.

Vanquished Creatures
  Sigmund (D:3)
  Eustachio (D:5)
  2 ice beasts
  An orc warrior (D:6)
  A black bear (D:6)
  An ogre (D:6)
  2 big kobolds
  A bullfrog (D:5)
  2 wights (D:6)
  2 crimson imps (D:5)
  A jelly (D:4)
  An orc priest (D:4)
  An orc wizard (D:6)
  A bullfrog skeleton (D:4)
  An iguana (D:6)
  A worker ant (D:4)
  A hound zombie (D:5)
  A hound skeleton (D:4)
  A worker ant zombie (D:6)
  3 adders
  2 river rats (Sewer)
  2 oozes (D:2)
  5 worms
  3 dart slugs
  5 leopard geckos
  13 orcs
  5 giant cockroaches
  7 goblins
  7 hobgoblins
  7 jackals
  11 kobolds
  2 quokkas
  3 ball pythons
  8 bats
  4 frilled lizards (D:1)
  A quokka zombie (D:5)
  15 rats
126 creatures vanquished.

Vanquished Creatures (others)
  Terence (D:3)
1 creature vanquished.

Grand Total: 127 creatures vanquished

Notes
Turn   | Place    | Note
-------+----------+-------------------------------------------
     0 | D:1      | roboconnery the Minotaur Gladiator began the quest for the
                  | Orb.
     0 | D:1      | Reached XP level 1. HP: 18/18 MP: 0/0
   102 | D:1      | Reached skill level 4 in Maces & Flails
   212 | D:1      | Reached XP level 2. HP: 25/25 MP: 1/1
   741 | D:1      | Reached XP level 3. HP: 26/30 MP: 2/2
  1398 | D:2      | Reached XP level 4. HP: 38/38 MP: 3/3
  2017 | D:3      | Reached skill level 5 in Maces & Flails
  2056 | D:4      | Found Xiexaip's Antique Armour Shoppe.
  2076 | D:3      | Noticed a big kobold
  2087 | D:3      | Killed a big kobold
  2087 | D:3      | Reached skill level 1 in Armour
  2087 | D:3      | Reached XP level 5. HP: 45/45 MP: 4/4
  2145 | D:3      | Noticed Sigmund
  2147 | D:3      | Noticed Terence
  2167 | D:3      | Killed Terence
  2171 | D:3      | Killed Sigmund
  2171 | D:3      | Reached skill level 6 in Maces & Flails
  2171 | D:3      | Reached XP level 6. HP: 6/52 MP: 5/5
  2705 | D:4      | Found a hide-covered altar of Uskayaw.
  2774 | D:4      | Found Cot Rill's Weapon Boutique.
  2947 | D:4      | Reached skill level 1 in Stealth
  2977 | D:4      | Found Kebriaratap's Assorted Antiques.
  2980 | D:4      | Bought a scroll labeled INIPHYO XITRINT for 19 gold pieces
  2980 | D:4      | Bought a scroll labeled XAN SISIMEXIM for 19 gold pieces
  3037 | D:4      | Found a staircase to the Ecumenical Temple.
  3187 | D:4      | Found Ysudae Deta's Gadget Emporium.
  3188 | D:4      | Found Vacs's Magic Scroll Emporium.
  3346 | D:5      | Entered Level 5 of the Dungeon
  3346 | D:5      | Noticed an ice beast
  3364 | D:4      | Killed an ice beast
  3364 | D:4      | Reached skill level 7 in Maces & Flails
  3364 | D:4      | Reached XP level 7. HP: 30/59 MP: 6/6
  3711 | D:5      | Noticed Eustachio
  3720 | D:5      | Killed Eustachio
  3801 | D:5      | Found a large runed translucent door.
  3802 | D:5      | Found a large runed translucent door.
  3804 | D:5      | Noticed LostGamesStreakFreak's ghost (novice HaHu)
  3887 | D:5      | Found Xyishrer's Weapon Emporium.
  3896 | D:5      | Reached skill level 8 in Maces & Flails
  3896 | D:5      | Reached skill level 5 in Armour
  4213 | D:6      | Reached XP level 8. HP: 67/67 MP: 7/7
  4320 | D:6      | Reached skill level 1 in Short Blades
  4539 | D:6      | Found a glowing drain.
  4621 | Sewer    | Entered a sewer
  4678 | Sewer    | Reached skill level 5 in Fighting
  4701 | Sewer    | Found a white marble altar of Elyvilon.
  4863 | D:6      | Slain by an orc warrior

Levels and vault maps discovered:
D:1:      sevenhm_arrival_forest_fort_small_6, layout_loops_ring,
          dk_noncrumbling_4
D:2:      layout_rooms, minmay_misc_feat_x, ebering_dispersal_statue_hall,
          moated_statue
D:3:      layout_rooms, roderic_malta_cross, uniq_sigmund, uniq_terence
D:4:      layout_gridville, eat_drink_and_be_merry_uskayaw,
          minmay_temple_entry_proselytizer, serial_shops, shop, shop_coins,
          kennysheep_mini_moat, nicolae_shop_temple_entry_statues_fountains,
          nicolae_shop_statue_plus, chequers_serial_rivers_micro_d,
          minmay_misc_feat_room, minmay_misc_feat_alley
D:5:      layout_gridville, first_ration, ebering_ghost_disaster_area,
          serial_shops, nicolae_shop_behind_doors, uniq_eustachio
D:6:      layout_basic, portal_sewer_entry_f, minmay_misc_feat_doors,
          kennysheep_dice

Skill      XL: |  1  2  3  4  5  6  7  8 |
---------------+-------------------------+-----
Maces & Flails | 4 5 6 7 8 |  8.9
Fighting       | 3 4 5 |  5.2
Armour         | 1 2 3 5 6 |  6.0
Dodging        | 4 |  4.7
Stealth        | 1 |  1.8
Short Blades   | 2 |  2.6
Throwing       | |  2.5

Action                   |  1- 3 |  4- 6 |  7- 9 || total
-------------------------+-------+-------+-------++-------
Melee: Flail             |   105 |   109 |    25 ||   239
       Headbutt          |    19 |    20 |    23 ||    62
       Rapier            |       |       |    83 ||    83
  Use: Potion            |       |     2 |     1 ||     3
       Scroll            |       |     2 |       ||     2
 Stab: Invisible         |       |     1 |       ||     1
  Eat: Chunk             |     2 |     3 |     4 ||     9
       Ration            |       |     1 |       ||     1
Armor: Leather armour    |     4 |       |       ||     4
       Scale mail        |    37 |    18 |       ||    55
       Chain mail        |       |    48 |    62 ||   110
Dodge: Dodged            |    78 |    61 |    65 ||   204

Table legend:
 A = Non-vault XP
 B = Vault XP
 C = Vault XP percentage of total XP
 D = Non-vault monster count
 E = Vault monster count
 F = Vault count percentage of total count
                 A         B        C        D         E       F
            +---------+---------+-------+---------+---------+-------
      Total |    1413 |     730 |  34.1 |     108 |      19 |  15.0
            +---------+---------+-------+---------+---------+-------
        D:1 |      41 |       0 |   0.0 |      30 |       0 |   0.0
        D:2 |      77 |       0 |   0.0 |      24 |       0 |   0.0
        D:3 |     154 |     235 |  60.4 |      23 |       2 |   8.0
        D:4 |     298 |      40 |  11.8 |       9 |       1 |  10.0
        D:5 |     344 |     197 |  36.4 |       8 |       1 |  11.1
        D:6 |     499 |     123 |  19.8 |      14 |       5 |  26.3
      Sewer |       0 |     135 | 100.0 |       0 |      10 | 100.0
            +---------+---------+-------+---------+---------+-------
